 Dungeon Crawl Stone Soup version 0.13-a0-3159-gc5ce8eb (webtiles) character file.

1544 Kae the Covert (level 8, -7/36 HPs)
             Began as a Spriggan Enchanter on Sept 24, 2013.
             Was a Follower of Vehumet.
             Killed by an exploding giant spore (38 damage)
             ... set off by themself
             ... on Level 6 of the Dungeon.
             The game lasted 00:10:55 (4929 turns).

Kae the Covert (Spriggan Enchanter)                 Turns: 4929, Time: 00:10:55

HP  -7/36        AC  2     Str  6      XL: 8   Next: 22%
MP  22/22        EV 17     Int 17      God: Vehumet [*.....]
Gold 334         SH  0     Dex 16      Spells:  2 memorised, 12 levels left

Res.Fire  : . . .   See Invis. : +   a - +1 dagger {=f}
Res.Cold  : + . .   Warding    : .   D - +0 robe (curse)
Life Prot.: . . .   Conserve   : .   f - +0 buckler
Res.Poison: .       Res.Corr.  : .   (helmet restricted)
Res.Elec. : .       Clarity    : .   (no cloak)
Sust.Abil.: . .     Spirit.Shd : .   (gloves unavailable)
Res.Mut.  : .       Stasis     : .   (boots unavailable)
Res.Rott. : .       Flight     : .   (no amulet)
Saprovore : . . .                    (no ring)
                                     l - ring of protection from cold

@: confused, very quick, somewhat resistant to hostile enchantments, fairly
stealthy
A: unfitting armour, see invisible, herbivore 3, speed 3, slow metabolism 2
a: Renounce Religion


You were on level 6 of the Dungeon.
You worshipped Vehumet.
Vehumet was aware of your devotion.
You were very hungry.

You visited 1 branch of the dungeon, and saw 6 of its levels.

You collected 314 gold pieces.

Inventory:

Hand weapons
 a - a +1,+1 dagger (weapon) {=f}
Missiles
 d - 12 darts (quivered)
 q - 2 darts of flame
Armour
 b - a +1 robe
 f - a +0 buckler (worn)
 D - a cursed +0 robe (worn)
Magical devices
 r - a wand of random effects (5) {unknown}
Comestibles
 h - a choko
 j - 2 apples
 u - 2 pears
 v - 4 bread rations
 E - a rambutan
Scrolls
 e - 2 scrolls of recharging {unknown}
 g - a scroll of teleportation {unknown}
 i - a scroll of random uselessness {unknown}
 k - 6 scrolls of identify
 y - 4 scrolls of remove curse
 B - a scroll of magic mapping {unknown}
 J - a scroll of fog {unknown}
Jewellery
 l - a ring of protection from cold (left hand)
 o - an uncursed ring of hunger
 t - an uncursed ring of magical power {unknown}
 x - an uncursed ring of fire {unknown}
Potions
 m - a potion of invisibility {unknown}
 n - a potion of poison {unknown}
 p - 2 potions of might {unknown}
 s - 3 potions of curing
 w - 2 potions of heal wounds {unknown}
 z - 2 potions of confusion {unknown}
 A - a potion of brilliance {unknown}
 C - a potion of cure mutation {unknown}
 G - a potion of agility {unknown}
 H - a potion of restore abilities {unknown}
 K - 2 potions of mutation {unknown}
Books
 c - a book of Maledictions

   Spells                             Type                      Level
   *Corona                            Hexes                        1
   Sure Blade                         Hexes/Charms                 2
   *Ensorcelled Hibernation           Hexes/Ice                    2
   Confuse                            Hexes                        3
   Enslavement                        Hexes                        4
   Invisibility                       Hexes                        6
 F - a book of the Dragon

   Spells                             Type                      Level
   Flight                             Charms/Air                   3
   Cause Fear                         Hexes                        4
   Bolt of Fire                       Conjuration/Fire             6
   Dragon Form                        Transmutation                7
   Summon Dragon                      Summoning                    9
 I - a book of the Dragon

   Spells                             Type                      Level
   Flight                             Charms/Air                   3
   Cause Fear                         Hexes                        4
   Bolt of Fire                       Conjuration/Fire             6
   Dragon Form                        Transmutation                7
   Summon Dragon                      Summoning                    9


   Skills:
 * Level 5.7 Short Blades
 - Level 1.1 Throwing
 - Level 3.0 Dodging
 * Level 8.7 Stealth
 + Level 2.6 Shields
 + Level 4.4 Spellcasting
 + Level 5.6 Hexes


You had 12 spell levels left.
You knew the following spells:

 Your Spells              Type           Power        Failure   Level  Hunger
a - Corona                Hex            ###....      1%          1    None
b - Ensorcelled Hibernat  Hex/Ice        ##....       10%         2    #......


Dungeon Overview and Level Annotations

Branches:
Dungeon (6/27)
 Temple: D:4-7          Orc: D:6-11

Altars:
Vehumet
the Shining One

Shops:
D:6 }

Annotations:
D:3 exclusions: 3 orcs and orc wizard
D:6 exclusion: ice beast


Innate Abilities, Weirdness & Mutations

You are tiny and cannot use many weapons and most armour.
You have supernaturally acute eyesight.
You are a herbivore.
You cover ground extremely quickly.
You need consume almost no food.


Message History

You hit the ballistomycete.
The ballistomycete is severely damaged.
You hit the ballistomycete but do no damage.
The ballistomycete is severely damaged.
You hit the ballistomycete.
The ballistomycete is severely damaged.
Casting: Ensorcelled Hibernation
Confirm with . or Enter, or press ? or * to list all spells.
Okay, then.
Casting: Ensorcelled Hibernation
Confirm with . or Enter, or press ? or * to list all spells.
You can't see any susceptible monsters within range! (Use Z to cast anyway.)
A wight comes into view. It is wielding a dwarven short sword.
The wight moves out of view.
You hit the giant spore.
The giant spore explodes!
The explosion of spores engulfs you!
You are confused.
Ouch! That really hurt!
You die...

.###.#...#.#.#.# #.# #
#...#.#.#.####.#
#...#.#.#.#....# #
#.##....#.#..>.#
#.#.##......#....#
#.#.##.........#.# #.#####
##....##.f......#.###......
####......###.##......########
#.........#..@...##....#######
..................>∩........)%
.......<.....................)
...#....#.......#.........###
...#...................<..###
#...(......##............#...#
###...#...##.#....(.......%.#
#...######.#.####.........#
..... ..................


There were no monsters in sight!

Vanquished Creatures
  2 sky beasts
  An ogre (D:5)
  A centaur (D:5)
  3 giant frogs (D:6)
  3 crimson imps (D:6)
  A giant frog zombie (D:6)
  6 orc priests
  A jelly (D:5)
  2 worker ants
  2 orc wizards
  A scorpion (D:5)
  2 gnolls (D:1)
  2 giant mites (D:1)
  6 adders
  4 worms
  5 giant geckos
  10 orcs
  A ball python (D:2)
  A bat skeleton (D:4)
  2 giant cockroaches
  6 goblins
  10 hobgoblins
  8 kobolds
  2 oozes (D:2)
  11 bats
  A giant cockroach zombie (D:4)
  3 giant newts
  5 jackals
  9 rats
  A ballistomycete (D:6)
112 creatures vanquished.

Notes
Turn   | Place    | Note
--------------------------------------------------------------
     0 | D:1      | Kae, the Spriggan Enchanter, began the quest for the Orb.
     0 | D:1      | Reached XP level 1. HP: 9/9 MP: 4/4
   103 | D:1      | Reached XP level 2. HP: 2/13 MP: 4/6
   326 | D:1      | Learned a level 2 spell: Ensorcelled Hibernation
   519 | D:1      | Reached XP level 3. HP: 13/16 MP: 9/9
  1070 | D:2      | Reached skill level 1 in Shields
  1153 | D:2      | Reached skill level 4 in Hexes
  1179 | D:2      | Reached XP level 4. HP: 9/21 MP: 4/12
  2205 | D:3      | Reached XP level 5. HP: 16/24 MP: 7/14
  2346 | D:3      | Reached skill level 5 in Stealth
  2446 | D:4      | Found a radiant altar of Vehumet.
  2483 | D:4      | Became a worshipper of Vehumet
  2952 | D:4      | Reached XP level 6. HP: 28/28 MP: 17/17
  3130 | D:5      | Entered Level 5 of the Dungeon
  3222 | D:5      | Reached skill level 6 in Stealth
  3700 | D:5      | Reached skill level 5 in Hexes
  3700 | D:5      | Reached XP level 7. HP: 32/32 MP: 20/20
  4203 | D:6      | Reached skill level 7 in Stealth
  4421 | D:6      | Found Oghoram's Gadget Boutique.
  4429 | D:6      | Acquired Vehumet's first power
  4429 | D:6      | Offered knowledge of Shock by Vehumet.
  4490 | D:6      | Reached skill level 5 in Short Blades
  4620 | D:6      | Reached skill level 8 in Stealth
  4639 | D:6      | Noticed an angel
  4640 | D:6      | Found a glowing golden altar of the Shining One.
  4687 | D:6      | Reached XP level 8. HP: 33/36 MP: 7/22
  4929 | D:6      | Killed by an exploding giant spore... set off by themself

Action                   |  1- 3 |  4- 6 |  7- 9 || total
-------------------------+-------+-------+-------++-------
Melee: Dagger            |    60 |   123 |    91 ||   274
 Cast: Corona            |     3 |     4 |       ||     7
       Ensorcelled Hiber |    15 |    36 |    48 ||    99
  Use: Scroll            |       |     5 |       ||     5
       Potion            |       |     5 |       ||     5
 Stab: Sleeping          |    16 |    35 |    28 ||    79
       Distracted        |     1 |       |       ||     1
